 Dungeon Crawl Stone Soup version 0.30.1-4-g462c640d31 (webtiles) character file.

Game seed: 15943098045614676771

178 Raikaria the Trooper (level 5, 0/46 HPs)
             Began as a Draconian Warper on Sept 17, 2023.
             Succumbed to a scorpion's poison
             ... on level 2 of the Dungeon.
             The game lasted 00:10:41 (3841 turns).

Raikaria the Trooper (Draconian Warper)             Turns: 3841, Time: 00:10:41

Health: 0/46       AC:  6    Str: 12 (13) XL:     5   Next: 32%
Magic:  7/8        EV: 12    Int: 14 (16) God:
Gold:   261        SH:  0    Dex:  9 (10) Spells: 6/8 levels left

rFire   . . .        a - +0 short sword
rCold   . . .        (no shield)
rNeg    . . .        (body armour unavailable)
rPois   .            (helmet restricted)
rElec   .            s - +0 cloak
rCorr   .            (no gloves)
SInv    .            (no boots)
Will    .....        (no amulet)
Stlth   +            (no ring)
HPRegen 0.27/turn    (no ring)
MPRegen 0.11/turn

%: no passive effects
@: lethally poisoned (0 -> -11)
A: AC +5, unfitting armour, cold-blooded
a: no special abilities


You were on level 2 of the Dungeon.
You visited 1 branch of the dungeon, and saw 5 of its levels.

You collected 261 gold pieces.

Inventory:

Hand Weapons
 a - a +0 short sword (weapon)
Missiles
 d - 2 javelins (quivered)
Armour
 s - a +0 cloak (worn)
Scrolls
 b - 2 scrolls of blinking
 g - 4 scrolls of amnesia {unknown}
 h - a scroll of noise {unknown}
 i - 2 scrolls of teleportation {unknown}
 j - 2 scrolls of identify {unknown}
 k - a scroll of torment {unknown}
 m - 2 scrolls of enchant weapon {unknown}
 r - a scroll of fog {unknown}
 t - a scroll of fear {unknown}
Potions
 e - a potion of brilliance
 f - 2 potions of flight
 l - 2 potions of haste
 n - a potion of degeneration
 o - a potion of heal wounds {unknown}
 p - a potion of curing {unknown}
 q - a potion of mutation {unknown}


   Skills:
 + Level 3.9 Fighting
 + Level 3.5 Short Blades
 - Level 0.8 Throwing
 + Level 3.4 Dodging
 - Level 2.0 Spellcasting
 - Level 3.0 Translocations


You had 6 spell levels left.
You knew the following spells:

 Your Spells              Type           Power      Damage    Failure   Level
a - Blink                 Tloc           18%        N/A       11%         2

Your spell library contained the following spells:

 Spells                   Type           Power      Damage    Failure   Level
 Lesser Beckoning         Tloc           18%        N/A       11%         2
 Teleport Other           Tloc           9%         N/A       21%         3
 Summon Small Mammal      Summ           4%         N/A       24%         1
 Portal Projectile        Hex/Tloc       10%        N/A       36%         3
 Vhi's Electric Charge    Tloc/Air       10%        N/A       36%         3
 Call Canine Familiar     Summ           1%         N/A       56%         3
 Summon Guardian Golem    Hex/Summ       1%         N/A       56%         3
 Tukima's Dance           Hex            1%         N/A       56%         3
 Manifold Assault         Tloc           9%         N/A       56%         4
 Blade Hands              Tmut           0%         N/A       100%        5


Dungeon Overview and Level Annotations

Branches:
Dungeon (5/15)
 Temple: D:4-7

Altars:
Ru
Vehumet
Zin

Shops:
D:3 (   D:4 *

Annotations:
D:4 Eustachio


Innate Abilities, Weirdness & Mutations

Your plain brown scales are hard. (AC +5)
You cannot fit into any form of body armour.
You are cold-blooded and may be slowed by cold attacks.


Message History

The scorpion completely misses you.
Throw: 4 boomerangs (disperse)
Press: ? - help, Q - select action, (/) - cycle Shift-Dir - straight line, f/p - scorpion
Aim: a scorpion (54% to hit)
You throw a boomerang of dispersal.
The boomerang of dispersal closely misses the scorpion.
The scorpion stings you but does no damage. x2
Throw: 3 boomerangs (disperse)
Press: ? - help, Q - select action, (/) - cycle Shift-Dir - straight line, f/p - scorpion
Aim: a scorpion (54% to hit)
You throw a boomerang of dispersal.
The boomerang of dispersal hits the scorpion and shatters, but does no damage.
The scorpion barely misses you.
Throw: 2 boomerangs (disperse)
Press: ? - help, Q - select action, (/) - cycle Shift-Dir - straight line, f/p - scorpion
Aim: a scorpion (54% to hit)
You throw a boomerang of dispersal.
The boomerang of dispersal closely misses the scorpion.
The scorpion stings you.
* * * LOW HITPOINT WARNING * * *
The scorpion closely misses you.
Casting: Blink (safe; 11% risk of failure)
Confirm with . or Enter, or press ? or * to list all spells.
You blink.
Unknown command.
Throw: boomerang (disperse)
Press: ? - help, Q - select action, (/) - cycle Shift-Dir - straight line, f/p - scorpion
Aim: a scorpion (54% to hit)
You throw a boomerang of dispersal.
The boomerang of dispersal hits the scorpion and shatters for extra damage.
The scorpion blinks!
The scorpion is lightly wounded.
You feel stable enough to blink again.
There is a stone staircase leading up here.
The scorpion stings you.
* * * LOW HITPOINT WARNING * * *
You are lethally poisoned!
The scorpion poisons you!
You climb upwards.
You die...

#.#.# #......## #.# ....#
###...## ####.##### #.### #...#
#........# #.######### #...#
#.##.###.### .#..[.....# #...#
#.#.........
###...###.###...######.#.#.##....
.#..#.##.............#.#.#.##....
...............s.......#.#..#....
....#...........@....###.##.##...
.<....#.#.###...###### #.##.##...
.........># #...# #.........
....#.##### #...# ####.#####
....#.# #...# #.# ......# #...#
#.# ##.#### ##.## #.# ...# #.#
##########.#####
##############.###.......##......


You could see a scorpion.

Vanquished Creatures
  2 hounds (D:4)
  An orc wizard (D:4)
  3 adders
  4 dart slugs
  5 orcs
  7 ball pythons
  3 bats
  3 endoplasms
  3 giant cockroaches
  10 goblins
  5 hobgoblins
  2 quokkas (D:1)
  A frilled lizard (D:1)
  4 rats
53 creatures vanquished.

Notes
Turn   | Place    | Note
-------+----------+-------------------------------------------
     0 | D:1      | Raikaria the Draconian Warper began the quest for the Orb.
     0 | D:1      | Reached XP level 1. HP: 17/17 MP: 3/3
   206 | D:1      | Reached XP level 2. HP: 19/25 MP: 5/5
   746 | D:1      | Reached XP level 3. HP: 30/30 MP: 6/6
   854 | D:1      | Learned a level 2 spell: Blink
   937 | D:3      | Found a radiant altar of Vehumet.
  1330 | D:2      | Found a faded altar of an unknown god.
  1680 | D:3      | Found a glowing silver altar of Zin.
  1802 | D:3      | Found Kemok's Antique Weapon Shoppe.
  1902 | D:4      | Noticed Eustachio
  2003 | D:3      | Found a sacrificial altar of Ru.
  2235 | D:3      | Reached XP level 4. HP: 12/38 MP: 7/7
  2567 | D:5      | Entered Level 5 of the Dungeon
  2567 | D:5      | Noticed a two-headed ogre
  2570 | D:4      | Found Cattep's Mayhem Merchandise.
  3188 | D:4      | Reached XP level 5. HP: 45/46 MP: 8/8
  3687 | D:5      | Noticed a black bear
  3709 | D:4      | HP: 2/46 [poisoned by a scorpion]
  3729 | D:5      | Noticed an ice beast
  3733 | D:5      | Noticed a black bear
  3841 | D:2      | Succumbed to a scorpion's poison

Illustrated notes

Levels and vault maps discovered:
D:1:      dpeg_arrival_central, layout_loops_ring, minmay_fountain_box
D:2:      layout_loops_cross, shapermc_ecumenical_altar_starsandcircs
D:3:      layout_loops_ring, amcnicky_altar_gilded, nicolae_vehumet_altar_sigil,
          mainiacjoe_overflow_concentric_impassable, serial_shops,
          nicolae_shop_tiny_statue_garden, minmay_quantized
D:4:      layout_layer_cave, serial_co_window_serial, co_window_corner_a,
          co_window_corner_a, co_window_of_opportunity_a,
          co_window_of_opportunity_a, co_window_paths_a, co_window_corner_ca,
          co_window_corner_b, co_window_2corner, co_window_paths_e,
          co_window_paths_d, glass_columns_a, glass_columns_c,
          minmay_shop_mayhem, amcnicky_mini_pool_small,
          guppyfry_early_lair_pool, uniq_edmund, uniq_eustachio
D:5:      layout_rooms, mainiacjoe_overflow_chevrons

Skill      XL: |  1  2  3  4 |
---------------+-------------+-----
Fighting       | 3 |  3.9
Short Blades   | 3 |  3.5
Dodging        | 3 |  3.4
Throwing       | |  0.8
Spellcasting   | |  2.0
Translocations | |  3.0

Action                     |  1- 3 |  4- 6 || total
---------------------------+-------+-------++-------
  Melee: Short sword       |   153 |   127 ||   280
         Tailslap          |    17 |    28 ||    45
         Punch             |     3 |       ||     3
  Throw: Boomerang         |       |     7 ||     7
   Cast: Blink             |       |     8 ||     8
    Use: Potion            |       |     4 ||     4
   Stab: Sleeping          |     2 |       ||     2
 Armour: Skin              |    47 |    35 ||    82
  Dodge: Dodged            |   109 |    84 ||   193
